 Dungeon Crawl Stone Soup version 0.23-a0-741-g38971ea054 (webtiles) character file.

144 Infinimo the Firebug (level 5, -1/28 HPs)
             Began as a Tengu Fire Elementalist on Jan 18, 2019.
             Slain by Edmund
             ... wielding a +3 dire flail of holy wrath
              (14 damage)
             ... on level 3 of the Dungeon.
             The game lasted 00:04:40 (3086 turns).

Infinimo the Firebug (Tengu Fire Elementalist)      Turns: 3086, Time: 00:04:40

Health: -1/28      AC:  5    Str:  8    XL:     5   Next: 26%
Magic:  0/10       EV: 12    Int: 17    God:
Gold:   156        SH:  0    Dex: 14    Spells: 8/9 levels left

rFire    . . .     SeeInvis .   j - +2 dagger (protect)
rCold    . . .     Gourm    .   (no shield)
rNeg     . . .     Faith    .   a - +0 robe
rPois    .         Spirit   .   (helmet restricted)
rElec    .         Reflect  .   q - +1 cloak {MR+}
rCorr    .         Harm     .   e - +0 pair of gloves
MR       +....                  (boots unavailable)
Stlth    ++........             (no amulet)
HPRegen  0.09/turn              (no ring)
MPRegen  0.12/turn              (no ring)

@: no status effects
A: beak, talons 3, able to fly 1
a: Fly


You were on level 3 of the Dungeon.
You were not hungry.

You visited 1 branch of the dungeon, and saw 4 of its levels.

You collected 156 gold pieces.

Inventory:

Hand Weapons
 j - a +2 dagger of protection (weapon)
Armour
 a - a +0 robe (worn)
 e - a +0 pair of gloves (worn)
 q - a +1 cloak of magic resistance (worn)
Jewellery
 o - an uncursed ring of wizardry
Scrolls
 b - a scroll of teleportation
 d - 2 scrolls of enchant armour {unknown}
 f - 3 scrolls of blinking {unknown}
 g - a scroll of identify
 l - a scroll of magic mapping {unknown}
 m - 2 scrolls of fog
 p - a scroll of remove curse
 r - a scroll of enchant weapon
Potions
 h - a potion of agility
 i - 2 potions of curing
 k - a potion of ambrosia {unknown}
 n - a potion of degeneration {unknown}
 s - a potion of might {unknown}
Comestibles
 c - 2 rations


   Skills:
 - Level 2.1 Dodging
 - Level 2.0 Stealth
 + Level 2.8 Spellcasting
 * Level 4.1 Conjurations
 * Level 4.7 Fire Magic


You had 8 spell levels left.
You knew the following spells:

 Your Spells              Type           Power        Failure   Level  Hunger
a - Flame Tongue          Conj/Fire      ###..        2%          1    #......

Your spell library contained the following spells:

 Spells                   Type           Power        Failure   Level  Hunger
 Throw Flame              Conj/Fire      ###...       4%          2    ##.....
 Conjure Flame            Conj/Fire      ###.....     9%          3    ###....
 Inner Flame              Hex/Fire       ##......     21%         3    ###....
 Sticky Flame             Conj/Fire      ###.....     28%         4    #####..
 Fireball                 Conj/Fire      ###.......   61%         5    ######.


Dungeon Overview and Level Annotations

Branches:
Dungeon (4/15)
 Temple: D:4-7

Altars:
Cheibriados

Annotations:
D:3 Edmund


Innate Abilities, Weirdness & Mutations

You have a beak for a mouth.
You have claws for feet.
You can fly.


Message History

Confirm with . or Enter, or press ? or * to list all spells.
Aiming: Flame Tongue (safe; 2% risk of failure)
Press: ? - help, Shift-Dir - straight line, f/p - Edmund
Aim: Edmund, wielding a +3 dire flail of holy wrath and wearing a +0 leather armour (almost dead, unusually agile)
The flame tongue hits Edmund.
Edmund is almost dead.
Edmund barely misses you.
Casting: Flame Tongue (safe; 2% risk of failure)
Confirm with . or Enter, or press ? or * to list all spells.
You don't have enough magic to cast that spell.
Casting: Flame Tongue (safe; 2% risk of failure)
Confirm with . or Enter, or press ? or * to list all spells.
You don't have enough magic to cast that spell.
Casting: Flame Tongue (safe; 2% risk of failure)
Confirm with . or Enter, or press ? or * to list all spells.
You don't have enough magic to cast that spell.
Edmund is almost dead.
Edmund hits you with a +3 dire flail of holy wrath!
Ouch! That really hurt!
You die...

#.#.......#.#.##.##.#.
##........######'#####
##...............####
#.........#####.....
#.........#...######
#.........#.#.......
#.........#.####....
#.........#....#.##.
#..@..............#.
#.@...............#.
#........#####....#.
######........>.....
###############


You could see Edmund.

Vanquished Creatures
  Jessica (D:3)
  4 adders
  2 oozes (D:2)
  4 worms
  2 dart slugs (D:3)
  A leopard gecko (D:1)
  3 orcs (D:3)
  2 giant cockroaches (D:1)
  8 goblins
  A hobgoblin (D:2)
  7 jackals (D:2)
  A quokka (D:3)
  6 bats
  3 frilled lizards
  8 kobolds
  5 rats
58 creatures vanquished.

Notes
Turn   | Place    | Note
-------+----------+-------------------------------------------
     0 | D:1      | Infinimo the Tengu Fire Elementalist began the quest for
                  | the Orb.
     0 | D:1      | Reached XP level 1. HP: 10/10 MP: 4/4
   214 | D:1      | Reached XP level 2. HP: 15/15 MP: 0/6
  1194 | D:2      | Reached XP level 3. HP: 13/19 MP: 2/7
  1659 | D:2      | Reached XP level 4. HP: 19/24 MP: 2/8
  2040 | D:3      | Found a snail-covered altar of Cheibriados.
  2135 | D:3      | Noticed Jessica
  2141 | D:3      | Killed Jessica
  2313 | D:3      | Gained mutation: You can fly. [Tengu growth]
  2313 | D:3      | Reached XP level 5. HP: 25/28 MP: 3/10
  3068 | D:4      | Noticed Edmund
  3086 | D:3      | Slain by Edmund

Vault maps used:
D:1:      tarquinn_simple_flora_water_c
D:2:      hangedman_decor_peaks_small
D:3:      wad_pebble_path, cheibriados_altar_1, uniq_jessica
D:4:      cheibrodos_old_hovel, minmay_temple_entry_sparse_star, first_ration,
          portal_sewer_entry_d, uniq_edmund

Skill      XL: |  1  2  3  4  5 |
---------------+----------------+-----
Conjurations   | 2 3 4 |  4.1
Fire Magic     | 4 |  4.7
Dodging        | |  2.1
Stealth        | |  2.0
Spellcasting   | |  2.8

Action                   |  1- 3 |  4- 6 || total
-------------------------+-------+-------++-------
Melee: Dagger            |     8 |     9 ||    17
       Kick              |     1 |     3 ||     4
       Peck              |       |     1 ||     1
 Cast: Flame Tongue      |    71 |    75 ||   146
  Use: Scroll            |       |     8 ||     8
       Potion            |       |     2 ||     2
  Eat: Chunk             |     3 |     5 ||     8
Armor: Robe              |    11 |     8 ||    19
Dodge: Dodged            |    21 |    35 ||    56

Table legend:
 A = Non-vault XP
 B = Vault XP
 C = Vault XP percentage of total XP
 D = Non-vault monster count
 E = Vault monster count
 F = Vault count percentage of total count
                 A         B        C        D         E       F
            +---------+---------+-------+---------+---------+-------
      Total |     169 |      37 |  18.0 |      57 |       1 |   1.7
            +---------+---------+-------+---------+---------+-------
        D:1 |      42 |       0 |   0.0 |      16 |       0 |   0.0
        D:2 |      70 |       0 |   0.0 |      20 |       0 |   0.0
        D:3 |      57 |      37 |  39.4 |      21 |       1 |   4.5
            +---------+---------+-------+---------+---------+-------
